Map: Cyber Forest LE

Players

Woah - Winner!

  • Race: Terran Terran
  • Spawn Location: 5:00

Wagner

  • Race: Zerg Zerg
  • League: Platinum
  • Spawn Location: 11:00

VOD

Have the link to the VOD?

Description

Time

  • Played on: June 11, 2019, 1:44 p.m.
  • Length: 14:48
Show
View Real Time Build Order
Export as new Build Order

Woah Terran - Winner!

Build Orders: Reaper Expand 

Get SALT Encoding   

  12  0:01  SCV  
  13  0:16  Supply Depot  
  13  0:17  SCV  
  14  0:29  SCV  
  15  0:39  Barracks  
  15  0:42  Refinery  
  15  0:44  SCV  
  16  1:00  SCV  
  17  1:12  SCV  
  19  1:27  Orbital Command  
  19  1:28  Reaper  
  19  1:42  Command Center  
  19  1:55  Barracks  
  19  1:56  SCV  
  19  2:00  Barracks Reactor  
  20  2:10  Supply Depot  
  20  2:13  SCV  
  21  2:20  Refinery  
  21  2:27  SCV  
  22  2:42  Marine  
  22  2:43  Barracks Tech Lab  
  23  2:50  SCV  
  24  2:56  Orbital Command  
  24  3:03  Stimpack, Factory  
  24  3:05  SCV  
  25  3:09  Marine x2  
  25  3:10  Marine  
  28  3:17  SCV  
  29  3:26  Supply Depot  
  29  3:29  SCV  
  29  3:31  SCV  
  31  3:35  Marine x3  
  34  3:41  SCV  
  34  3:45  SCV  
  36  3:49  Factory Reactor  
  36  3:50  Starport  
  36  3:53  SCV  
  37  3:57  SCV  
  37  3:59  Marine, Supply Depot  
  37  4:00  Marine x2  
  41  4:05  SCV  
  43  4:10  SCV  
  43  4:17  Marine x2  
  43  4:18  SCV  
  43  4:22  SCV, Engineering Bay  
  47  4:24  Marine  
  47  4:25  Engineering Bay  
  47  4:30  SCV  
  49  4:35  Marine x2  
  49  4:36  SCV  
  52  4:43  SCV, Supply Depot  
  53  4:51  Medivac x2  
  53  4:52  Terran Infantry Weapons Level 1, Terran Infantry Armor Level 1  
  57  5:00  SCV  
  57  5:02  SCV  
  57  5:04  Command Center  
  59  5:08  Combat Shield  
  59  5:12  SCV  
  60  5:16  Factory Tech Lab  
  60  5:24  Barracks x2  
  60  5:31  Barracks  
  59  5:46  Marine x3  
  59  5:48  Siege Tank  
  63  6:00  Viking  
  63  6:03  Marine  
  63  6:04  Marine x2  
  66  6:07  Barracks  
  66  6:08  Barracks, Supply Depot  
  66  6:09  SCV x2, Supply Depot x2  
  70  6:14  Refinery  
  70  6:21  SCV  
  70  6:24  Siege Tank, Barracks Reactor  
  70  6:25  Barracks Tech Lab  
  74  6:36  SCV  
  75  6:50  Armory  
  75  6:54  Barracks Reactor, Barracks Tech Lab  
  75  6:55  Orbital Command  
  77  7:01  Marauder, Marine x2  
  77  7:02  Marauder, Marine x2  
  77  7:04  Barracks Reactor  
  77  7:08  Refinery  
  83  7:09  SCV x2  
  85  7:19  Marine x3  
  85  7:20  Marine  
  85  7:21  Marine  
  85  7:22  Marine  
  91  7:23  SCV x2, Marine  
  91  7:24  SCV  
  95  7:35  SCV  
  96  7:37  Marine x2  
  94  7:46  Marauder x2, Marine x2  
  94  7:48  Terran Infantry Weapons Level 2  
  94  7:50  Terran Infantry Armor Level 2  
  100  8:26  Marauder x2, Marine x4  
  110  8:27  Marauder  
  85  8:41  Marine x2  
  85  8:43  Marine  
  85  8:44  Marine  
  85  8:47  Marauder x2  
  79  8:59  Marauder, Marine x4  
  80  9:02  Siege Tank  
  80  9:06  Marine x2  
  80  9:07  Factory, Refinery  
  80  9:08  Marine x2  
  84  9:16  Medivac x2  
  84  9:17  Marine x4  
  88  9:18  SCV  
  88  9:19  SCV  
  88  9:20  SCV, Barracks Tech Lab, Marine  
  88  9:21  Starport  
  96  9:30  Marine x3  
  96  9:31  SCV x2, Marauder  
  103  9:32  SCV  
  103  9:34  Marine x2  
  103  9:35  Marine  
  107  9:40  Concussive Shells  
  107  9:43  SCV x2, Barracks x2  
  107  9:44  SCV  
  107  9:45  Barracks  
  113  9:52  Command Center  
  113  9:55  SCV  
  116  10:00  Marauder  
  116  10:08  Terran Infantry Weapons Level 3  
  116  10:10  Marauder x2, Terran Infantry Armor Level 3  
  103  10:36  Marauder, Marine x3  
  103  10:37  Marauder x2, Marine x3  
  103  10:38  Marauder  
  100  10:54  Marine x3  
  100  10:55  Marine x3  
  106  10:58  Marauder x2  
  106  10:59  Marauder  
  112  11:06  Factory Tech Lab  
  112  11:09  SCV  
  112  11:10  SCV  
  112  11:11  Orbital Command  
  111  11:13  SCV  
  101  11:32  Marauder x2, Marine x5  
  104  11:33  Marauder x2, Marine  
  104  11:34  Siege Tank x2  
  117  11:50  Marine x3  
  117  11:54  Marauder  
  122  11:59  Marauder x3, Marine x3  
  122  12:00  SCV  
  132  12:02  Barracks Reactor x3  
  132  12:15  Orbital Command  
  132  12:18  SCV, Marine  
  132  12:21  Siege Tank  
  131  12:23  Siege Tank  
  131  12:29  Marine x2  
  126  12:30  Marauder x4, Marine x3  
  126  12:36  Marine  
  125  12:40  Marine  
  125  12:43  Medivac  
  118  12:46  Marine  
  118  12:47  Marine x2  
  118  12:48  Marine  
  124  12:51  Marauder x2  
  124  12:52  Marauder x2, Refinery  
  124  12:56  Refinery  
  124  12:57  Refinery  
  130  12:59  Factory  
  130  13:03  Starport  
  130  13:05  Starport  
  130  13:11  Fusion Core  
  132  13:12  Marauder  
  132  13:28  Marauder  
  131  13:36  Supply Depot x2  
  131  13:38  Siege Tank, Supply Depot  
  131  13:39  Supply Depot  
  134  13:42  Medivac x2  
  134  13:46  Starport Reactor, Starport Tech Lab  
Show
View Real Time Build Order
Export as new Build Order

Wagner Zerg 

Build Orders: Hatch First 

Get SALT Encoding   

  12  0:00  Drone  
  13  0:13  Overlord  
  13  0:17  Drone  
  14  0:32  Overlord  
  14  0:34  Drone  
  14  0:35  Drone  
  16  0:45  Drone  
  17  1:04  Hatchery  
  17  1:06  Drone  
  17  1:09  Drone  
  18  1:21  Spawning Pool  
  18  1:23  Extractor  
  18  1:25  Drone  
  17  1:29  Drone  
  18  1:39  Drone  
  19  2:18  Queen x2  
  19  2:19  Zergling x6  
  19  2:21  Drone  
  27  2:29  Drone  
  28  2:30  Metabolic Boost  
  28  2:48  Hatchery  
  27  2:56  Drone x2  
  27  2:57  Drone x2  
  31  2:58  Overlord  
  31  3:00  Queen  
  33  3:09  Drone x2  
  35  3:18  Overlord  
  35  3:23  Drone x2  
  37  3:35  Overlord  
  37  3:38  Drone  
  37  3:39  Drone x4  
  42  4:11  Drone x2  
  42  4:12  Drone  
  42  4:13  Drone x7  
  42  4:14  Queen  
  54  4:17  Overlord x2  
  54  4:18  Overlord x2  
  54  4:34  Spore Crawler  
  54  4:35  Spore Crawler  
  54  4:38  Lair, Roach Warren  
  52  4:44  Drone x5  
  52  4:45  Drone x2  
  58  4:59  Queen x2  
  62  5:09  Evolution Chamber, Drone  
  62  5:10  Evolution Chamber, Drone x2  
  63  5:15  Extractor, Drone x4  
  63  5:17  Drone  
  67  5:32  Roach  
  67  5:33  Roach x9  
  79  5:47  Roach  
  79  5:48  Roach x3  
  87  6:04  Extractor  
  86  6:22  Spore Crawler  
  86  6:23  Extractor, Drone x4  
  86  6:24  Drone x2  
  90  6:32  Roach  
  92  6:34  Overlord x3  
  92  6:41  Hatchery  
  91  6:54  Hatchery  
  90  7:02  Zerg Missile Weapons Level 1  
  90  7:03  Zerg Ground Armor Level 1  
  90  7:06  Drone  
  91  7:09  Glial Reconstitution  
  91  7:14  Hydralisk Den  
  90  7:17  Baneling Nest  
  91  7:30  Roach x9  
  106  7:43  Hydralisk x3  
  111  7:51  Zergling x8  
  111  7:55  Ravager  
  115  8:01  Grooved Spines  
  115  8:03  Hydralisk  
  117  8:18  Roach x4  
  125  8:23  Baneling x4  
  125  8:24  Baneling  
  89  8:54  Roach  
  89  8:55  Roach x11  
  101  9:11  Drone x2  
  101  9:12  Drone x2  
  101  9:15  Zerg Missile Weapons Level 2  
  105  9:22  Extractor, Drone x3  
  105  9:23  Queen, Drone  
  105  9:24  Queen x3  
  116  9:36  Extractor  
  115  9:40  Centrifical Hooks  
  115  9:44  Muscular Augments  
  115  10:06  Zergling x10  
  116  10:08  Roach  
  116  10:09  Roach x5  
  128  10:17  Overlord x4  
  128  10:26  Baneling x3  
  128  10:27  Baneling x4  
  121  10:33  Roach  
  121  10:34  Roach x3  
  77  10:52  Roach  
  77  10:53  Roach x12  
  94  11:10  Roach x4  
  88  11:25  Roach x8  
  86  11:34  Spore Crawler  
  86  11:37  Spine Crawler  
  86  11:38  Roach, Spine Crawler  
  86  11:39  Roach x3  
  89  11:57  Hydralisk x8  
  105  12:07  Drone x2  
  107  12:09  Spore Crawler  
  86  12:38  Roach x3  
  86  12:39  Roach x3  
  96  12:54  Hydralisk x2  
  96  12:55  Hydralisk x4  
  108  13:00  Hatchery, Spire  
  108  13:05  Drone x2  
  108  13:13  Drone x3  
  108  13:14  Drone x2  
  108  13:16  Overseer  
  113  13:29  Queen x2  
  117  13:51  Overlord x6  
  117  13:52  Overlord x2  
  63  14:13  Zergling x12  
  57  14:24  Roach x3  
Tags
 
League
Platinum
Matchup
TvZ
Replay Pack
r1
Spawn Locations
Cross Positions
Add a new tag
Caveats
  • Supply blocks, unpowered buildings, or Contaminate may cause inaccurate times.
  • Supply counts are checked every 10 seconds.